 Dungeon Crawl Stone Soup version 0.18.1-48-g4cf74bf (webtiles) character file.

49 zultag the Caller (level 3, 0/19 HPs)
             Began as a Deep Elf Summoner on Sept 7, 2016.
             Was an Initiate of Vehumet.
             Slain by Sigmund
             ... wielding a cursed -3 scythe
              (7 damage)
             ... on level 3 of the Dungeon.
             The game lasted 00:32:05 (2128 turns).

zultag the Caller (Deep Elf Summoner)               Turns: 2128, Time: 00:32:06

Health: 0/19       AC:  2    Str:  5    XL:     3   Next: 51%
Magic:  10/10      EV: 13    Int: 20    God:    Vehumet [......]
Gold:   99         SH:  0    Dex: 15    Spells: 3 memorised, 3 levels left

rFire  . . .     SeeInvis .     p - +2 hunting sling (flame)
rCold  . . .     Gourm    .     a - +0 robe
rNeg   . . .     Faith    .     (no shield)
rPois  .         Spirit   .     (no helmet)
rElec  .         Dismiss  .     (no cloak)
rCorr  .         Reflect  .     (no gloves)
SustAt .         Harm     .     (no boots)
MR     .....                    (no amulet)
Stlth  ++........               (no ring)
                                (no ring)

@: not resistant to hostile enchantments, unstealthy
A: no striking features
a: Renounce Religion


You were on level 3 of the Dungeon.
You worshipped Vehumet.
Vehumet was noncommittal.
You were not hungry.

You visited 1 branch of the dungeon, and saw 3 of its levels.

You collected 99 gold pieces.

Inventory:

Hand Weapons
 c - a +0 hunting sling
 d - a +0 hand axe
 f - a +0 club
 j - a +0 whip
 p - a +2 hunting sling of flaming (weapon)
Missiles
 h - 46 stones (quivered)
 o - 69 arrows
Armour
 a - a +0 robe (worn)
 i - a +1 pair of boots
Wands
 q - a wand of disintegration (9/24)
Scrolls
 m - a scroll of remove curse
Potions
 e - a potion of haste
 g - a potion of degeneration {unknown}
 k - 2 potions of cure mutation
 l - a potion of curing {unknown}
Books
 b - a book of Callings

   Spells                             Type                      Level
   a - Summon Small Mammal            Summoning                    1
   b - Call Imp                       Summoning                    2
   c - Call Canine Familiar           Summoning                    3
   d - Summon Guardian Golem          Hexes/Summoning              3
   e - Summon Lightning Spire         Summoning/Air                4
   f - Summon Ice Beast               Ice/Summoning                4
Comestibles
 n - a royal jelly
 r - a bread ration
 s - a meat ration


   Skills:
 + Level 0.1 Slings
 + Level 2.7 Dodging
 + Level 2.8 Stealth
 + Level 3.8 Spellcasting
 + Level 5.1 Summonings


You had 3 spell levels left.
You knew the following spells:

 Your Spells              Type           Power        Failure   Level  Hunger
a - Summon Small Mammal   Summ           ###.         1%          1    None
b - Call Imp              Summ           ###.....     2%          2    ##.....
c - Call Canine Familiar  Summ           ###.....     6%          3    ###....


Dungeon Overview and Level Annotations

Branches:
Dungeon (3/15)

Altars:
Kikubaaqudgha
Makhleb
Trog
Vehumet

Annotations:
D:3 Sigmund


Message History

Your crimson imp blinks!
You see here a stone.
A puff of flame appears from out of thin air!
The puff of flame hits your white imp.
Your white imp is burned terribly!
Your white imp dies!
Your crimson imp blinks!
A magic dart appears from out of thin air!
The magic dart hits you!
A magic dart appears from out of thin air!
The magic dart hits your crimson imp.
Found 16 gold pieces.
You hear some strange, mumbled words.
A puff of flame appears from out of thin air!
The puff of flame hits you!
Ouch! That really hurt!
A bat comes into view.
Your crimson imp blinks!
Something hits you!
You die...

.........###.
.....b......
.........#
........##..........
#+#........%..........
#.#.$.................
#.#...................
#.#..@................
#....#....##..........
#....#....##..........
#....#....##..{......(
#....#######.........†
#.#### #..........
#.##########..........
#...{.................
#.....................


You could see a bat (sleeping).

Vanquished Creatures
  A worm (D:3)
  A goblin (D:2)
2 creatures vanquished.

Vanquished Creatures (collateral kills)
  2 adders (D:2)
  An ooze (D:1)
  A worm (D:2)
  A dart slug (D:1)
  A giant gecko (D:2)
  A ball python (D:2)
  5 goblins
  10 hobgoblins
  10 kobolds
  3 bats
  4 giant newts
  5 rats
  2 plants (D:2)
46 creatures vanquished.

Grand Total: 48 creatures vanquished

Notes
Turn   | Place    | Note
--------------------------------------------------------------
     0 | D:1      | zultag the Deep Elf Summoner began the quest for the Orb.
     0 | D:1      | Reached XP level 1. HP: 10/10 MP: 6/6
   514 | D:1      | Reached XP level 2. HP: 12/15 MP: 4/8
   518 | D:1      | Learned a level 2 spell: Call Imp
  1192 | D:2      | Reached skill level 5 in Summonings
  1351 | D:2      | Found a bloodstained altar of Trog.
  1411 | D:2      | Reached XP level 3. HP: 17/19 MP: 5/10
  1431 | D:2      | Learned a level 3 spell: Call Canine Familiar
  1513 | D:2      | Found a radiant altar of Vehumet.
  1527 | D:2      | Found a burning altar of Makhleb.
  1564 | D:2      | Became a worshipper of Vehumet
  1874 | D:2      | Found an ancient bone altar of Kikubaaqudgha.
  2088 | D:3      | Noticed Sigmund
  2128 | D:3      | Slain by Sigmund

Skill      XL: |  1  2 |
---------------+-------+-----
Summonings     | 5 |  5.1
Slings         | |  0.1
Dodging        | |  2.7
Stealth        | |  2.8
Spellcasting   | |  3.8

Action                   || total
-------------------------++-------
Melee: Unarmed           ||   100
       Whip              ||    11
       Hunting sling     ||     1
 Fire: Hunting sling     ||    12
Throw: Stone             ||     1
 Cast: Summon Small Mamm ||    62
       Call Imp          ||    19
       Call Canine Famil ||     3
  Use: Scroll            ||     2
       Potion            ||     1
  Eat: Bread ration      ||     1
Armor: Robe              ||    17
Dodge: Dodged            ||    49
